 Dungeon Crawl Stone Soup version 0.28-a0-500-g121bc3e445 (webtiles) character file.

Game seed: 14758810047395405866

1489 speeev33 the Fighter (level 8, -2/74 HPs)
             Began as a Minotaur Fighter on Sept 20, 2021.
             Was a Believer of Okawaru.
             Slain by a seven-headed hydra (5 damage)
             ... on level 6 of the Dungeon.
             The game lasted 00:09:52 (5360 turns).

speeev33 the Fighter (Minotaur Fighter)             Turns: 5360, Time: 00:09:53

Health: -2/74      AC: 16    Str: 28    XL:     8   Next: 51%
Magic:  7/7        EV: 10    Int:  5    God:    Okawaru [**....]
Gold:   50         SH:  4    Dex:  9    Spells: 7/7 levels left

rFire   . . .      SeeInvis .   t - +4 falchion of Harmony {vorpal, Str+4}
rCold   . . .      Faith    .   c - +0 buckler
rNeg    . . .      Spirit   .   b - +0 scale mail
rPois   .          Reflect  .   (helmet restricted)
rElec   .          Harm     .   p - +0 cloak
rCorr   .          Rampage  .   r - +2 pair of gloves
Will    .....                   (no boots)
Stlth   ..........              (no amulet)
HPRegen 0.22/turn               k - +4 ring of protection
MPRegen 0.10/turn               (no ring)

@: very slow
A: horns 2, retaliatory headbutt
a: Renounce Religion, Heroism


You were on level 6 of the Dungeon.
You worshipped Okawaru.
Okawaru was pleased with you.
You visited 2 branches of the dungeon, and saw 7 of its levels.

You collected 234 gold pieces.
You spent 184 gold pieces at shops.

Inventory:

Hand Weapons
 t - the +4 falchion of Harmony (weapon) {vorpal, Str+4}
   (You bought it in a shop on level 2 of the Dungeon)

   It inflicts extra damage upon your enemies.
   Str:       It affects your strength (+4).
Armour
 b - a +0 scale mail (worn)
 c - a +0 buckler (worn)
 p - a +0 cloak (worn)
 r - a +2 pair of gloves (worn)
Jewellery
 k - a +4 ring of protection (left hand)
Wands
 q - a wand of polymorph (6)
Scrolls
 f - 2 scrolls of magic mapping
 j - a scroll of enchant weapon
 s - a scroll of fog
 u - a scroll of teleportation
 x - a scroll of vulnerability {unknown}
Potions
 a - a potion of haste {unknown}
 d - a potion of might
 e - 5 potions of curing
 g - a potion of invisibility {unknown}
 h - 3 potions of heal wounds
 i - 2 potions of degeneration
 l - a potion of flight {unknown}
 m - a potion of ambrosia {unknown}
 n - 2 potions of mutation
 v - a potion of berserk rage {unknown}
 w - a potion of magic {unknown}


   Skills:
 + Level 8.2 Fighting
 + Level 7.6 Long Blades
 + Level 8.1 Armour
 - Level 4.0 Shields


You had 7 spell levels left.
You didn't know any spells.
Your spell library was empty.

Dungeon Overview and Level Annotations

Branches:
Dungeon (6/15)             Temple (1/1) D:4

Altars:
Ashenzari
Cheibriados
Elyvilon
Fedhas
Gozag
Hepliaklqana
Kikubaaqudgha
Makhleb
Okawaru
Qazlal
Ru
Sif Muna
Trog
Uskayaw
Wu Jian
Xom
Yredelemnul
The Shining One

Shops:
D:1 !   D:2 (   D:4 *


Innate Abilities, Weirdness & Mutations

You have a pair of horns on your head.
You reflexively headbutt those who attack you in melee.


Message History

Press: ? - help, Q - select action, (/) - cycle Shift-Dir - straight line, f - six-headed hydra
Aim: a six-headed hydra (lightly wounded, 81% to hit, immune to nets)
You throw a throwing net.
The throwing net barely misses the six-headed hydra.
The throwing net hits the orc warrior.
The orc warrior is caught in the net!
The six-headed hydra bites you! The six-headed hydra barely misses you.
The six-headed hydra bites you but does no damage. x3
The six-headed hydra misses you.
The orc warrior struggles against the net.
Unknown command.
You hack one of the six-headed hydra's heads off!
The five-headed hydra grows two more!
You slash the seven-headed hydra!
The seven-headed hydra is lightly wounded.
The seven-headed hydra bites you but does no damage. x2
The seven-headed hydra bites you. The seven-headed hydra bites you!
The seven-headed hydra barely misses you.
The seven-headed hydra bites you but does no damage.
You block the seven-headed hydra's attack.
Unknown command.
Unknown command.
The orc warrior struggles against the net.
You feel like a meek peon again.
You enter the shallow water.
Moving in this stuff is going to be slow.
You block the seven-headed hydra's attack.
The seven-headed hydra bites you but does no damage.
The seven-headed hydra bites you. x2
* * * LOW HITPOINT WARNING * * *
The seven-headed hydra bites you.
* * * LOW HITPOINT WARNING * * *
The seven-headed hydra bites you but does no damage. x2
You enter the shallow water.
Moving in this stuff is going to be slow.
The seven-headed hydra bites you.
* * * LOW HITPOINT WARNING * * *
The seven-headed hydra bites you but does no damage. x4
The seven-headed hydra bites you!
* * * LOW HITPOINT WARNING * * *
The seven-headed hydra bites you.
You die...

..##########
..###.^....###
###...#.##...###
#..≈###..###≈..###
...##...[..##5...##
..##.5####..##..≈.##
≈##..## ##..##≈...#
.#...# ##..#.D.≈#
.#8.#.5##..#.8#.@≈.#
≈#..#≈o.⌠.≈#..#≈...#
≈#$.#≈s!>.≈#).#≈...#
.#8[#$.##..#.8#.≈≈.#
.#..##≈..≈##..#...≈#
≈##.. #..##..##≈...#
..##..####..##..≈..#
...##......##....###
#..≈###..#.#...#


You could see a seven-headed hydra and a shadow imp.

Vanquished Creatures
  2 ice beasts
  3 phantoms
  2 centaurs (D:5)
  3 scorpions
  A gnoll sergeant (D:6)
  An electric eel (D:6)
  A howler monkey (D:5)
  A bullfrog zombie (D:6)
  3 hounds
  3 orc priests
  A jelly (D:5)
  An iguana (D:4)
  4 orc wizards
  A hound zombie (D:5)
  A howler monkey zombie (D:6)
  3 gnolls (D:3)
  9 adders
  2 white imps
  5 dart slugs
  12 orcs
  9 ball pythons
  6 bats
  6 endoplasms
  5 giant cockroaches
  7 goblins
  8 hobgoblins
  4 jackals
  2 frilled lizards
  5 kobolds
  4 rats
115 creatures vanquished.

Vanquished Creatures (others)
  An orc (D:3)
  An endoplasm (D:3)
  A giant cockroach (D:3)
  A hobgoblin (D:3)
  A quokka (D:3)
  A rat (D:3)
  7 plants (D:6)
13 creatures vanquished.

Grand Total: 128 creatures vanquished

Notes
Turn   | Place    | Note
-------+----------+-------------------------------------------
     0 | D:1      | speeev33 the Minotaur Fighter began the quest for the Orb.
     0 | D:1      | Reached XP level 1. HP: 19/19 MP: 0/0
   277 | D:1      | Reached XP level 2. HP: 27/27 MP: 1/1
   277 | D:1      | Found Xuddai Futh's Distillery.
   967 | D:2      | Reached XP level 3. HP: 33/33 MP: 2/2
  1028 | D:2      | Found Ydghysur's Antique Weapon Emporium.
  1747 | D:3      | Found a shimmering altar of Xom.
  1767 | D:3      | Reached XP level 4. HP: 41/41 MP: 3/3
  1817 | D:3      | Found an ancient bone altar of Kikubaaqudgha.
  1926 | D:3      | Reached XP level 5. HP: 26/47 MP: 4/4
  1927 | D:3      | Reached skill level 5 in Fighting
  2135 | D:3      | Found a faded altar of an unknown god.
  2140 | D:3      | Reached skill level 5 in Armour
  2254 | D:3      | Found an ornate altar of the Wu Jian Council.
  2660 | D:4      | Reached XP level 6. HP: 30/56 MP: 5/5
  2934 | D:4      | Found a staircase to the Ecumenical Temple.
  2943 | Temple   | Entered the Ecumenical Temple
  2973 | Temple   | Became a worshipper of Warmaster Okawaru
  2999 | D:4      | Found a basalt altar of Yredelemnul.
  3152 | D:4      | Found a stormy altar of Qazlal.
  3369 | D:4      | Reached skill level 5 in Long Blades
  3438 | D:4      | Found Nutuufas's Assorted Antiques.
  3450 | D:4      | Found a glowing golden altar of the Shining One.
  3681 | D:5      | Entered Level 5 of the Dungeon
  3706 | D:5      | Reached * piety under Okawaru
  3707 | D:5      | Reached XP level 7. HP: 55/63 MP: 6/6
  3878 | D:2      | Bought a faintly glowing falchion for 184 gold pieces
  3878 | D:2      | Identified the +4 falchion of Harmony {vorpal, Str+4} (You
                  | bought it in a shop on level 2 of the Dungeon)
  4118 | D:5      | Reached XP level 8. HP: 73/73 MP: 7/7
  4141 | D:5      | Reached ** piety under Okawaru
  5338 | D:6      | Noticed a four-headed hydra
  5360 | D:6      | HP: 3/74 [seven-headed hydra (10)]
  5360 | D:6      | Slain by a seven-headed hydra

Illustrated notes

Levels and vault maps discovered:
D:1:      amcnicky_arrival_blooded_trapdoor, layout_basic, serial_shops, shop
D:2:      layout_loops_corners, serial_shops, shop, minmay_tiny_reverse_x
D:3:      layout_loops_ring, xom_confusion_cloud, mainiacjoe_overflow_alcove_1,
          mainiacjoe_overflow_tiny_flanked, shapermc_ecumenical_altar_pompeii,
          chequers_serial_rivers_room_b, minmay_circle_x
D:4:      layout_loops_corners, nicolae_overflow_crystal_walls,
          tso_oasis_becter, lemuel_round_altar,
          minmay_temple_entry_statues_fountains, serial_shops, shop_statue
D:5:      wander_river, layout_rooms
D:6:      minmay_evil_eye, layout_basic, serial_shops, shop_statue, shop,
          minmay_shop_damaged, chequers_big_river, nzn_random_ring
Temple:   minmay_temple_bridge_abc

Skill      XL: |  1  2  3  4  5  6  7  8 |
---------------+-------------------------+-----
Fighting       | 4 5 6 7 8 |  8.2
Armour         | 4 5 6 7 8 |  8.1
Shields        | 4 |  4.0
Long Blades    | 3 4 5 6 7 |  7.6

Action                   |  1- 3 |  4- 6 |  7- 9 || total
-------------------------+-------+-------+-------++-------
Melee: Long sword        |    99 |   114 |    42 ||   255
       Headbutt          |     9 |    21 |    17 ||    47
       Falchion          |       |       |    60 ||    60
Throw: Throwing net      |       |       |     1 ||     1
Invok: Heroism           |       |       |     3 ||     3
  Use: Scroll            |     7 |     3 |     3 ||    13
Armor: Scale mail        |    65 |    59 |    60 ||   184
Dodge: Dodged            |    54 |    32 |    54 ||   140
Block: Buckler           |    23 |    15 |    20 ||    58

Table legend: (Time is in decaauts)
 A = Elapsed time spent in this place.
 B = Non-inter-level travel time spent in this place.
 C = Inter-level travel time spent in this place.
 D = Time resting spent in this place.
 E = Time spent auto-exploring this place.
 F = Levels seen in this place.
 G = Mean time per level.
                   A        B        C        D        E       F      G
               +--------+--------+--------+--------+--------+-----+--------+
         Total |   5445 |   5176 |    269 |    908 |   3255 |   7 |  777.9 |
       Dungeon |   5394 |   5144 |    250 |    908 |   3236 |   6 |  899.0 |
        Temple |     50 |     31 |     19 |      0 |     19 |   1 |   50.0 |
               +--------+--------+--------+--------+--------+-----+--------+

Top non-repeatable levels by time:
     D:4: 1196 daAuts
     D:2: 1070 daAuts
     D:6: 887 daAuts
     D:3: 872 daAuts
     D:1: 775 daAuts
     D:5: 591 daAuts
  Temple: 50 daAuts
